 Dungeon Crawl Stone Soup version 0.30-a0-782-ge64f9170bb (webtiles) character file.

Game seed: 1555552411682196740

8894 funkygono the Cleaver (level 11, -3/97 HPs)
             Began as a Minotaur Fighter on Mar 16, 2023.
             Was a High Priest of Okawaru.
             Slain by an 11-headed hydra (5 damage)
             ... on level 2 of the Lair of Beasts.
             The game lasted 00:18:12 (10711 turns).

funkygono the Cleaver (Minotaur Fighter)           Turns: 10711, Time: 00:18:12

Health: -3/97      AC: 27    Str: 24    XL:     11   Next: 15%
Magic:  11/11      EV:  7    Int:  5    God:    Okawaru [*****.]
Gold:   590        SH: 11    Dex: 11    Spells: 10/10 levels left

rFire   . . .      SeeInvis .    a - +2 war axe (protect)
rCold   + . .      Faith    .    c - +0 buckler
rNeg    . . .      Spirit   .    w - +0 plate armour
rPois   .          Reflect  +    (helmet restricted)
rElec   .          Harm     .    J - +2 cloak
rCorr   +          Rampage  .    b - +0 pair of gloves
Will    .....                    y - +0 pair of boots Stlth
                                 B - amulet of reflection
HPRegen 0.36/turn                o - ring of resist corrosion
MPRegen 0.12/turn                I - ring of protection from cold

@: under a protective aura
A: horns 2, retaliatory headbutt
a: Renounce Religion, Heroism, Finesse, Duel


You were on level 2 of the Lair of Beasts.
You worshipped Okawaru.
Okawaru was extremely pleased with you.
You visited 3 branches of the dungeon, and saw 12 of its levels.

You collected 645 gold pieces.
You spent 55 gold pieces at shops.

Inventory:

Hand Weapons
 a - a +2 war axe of protection (weapon)
 z - the +8 battleaxe of Defence by Offence {flame, rPois Dex+5}
   (You found it on level 5 of the Dungeon)

   Dex:       It affects your dexterity (+5).
   rPois:     It protects you from poison.
Missiles
 j - a boomerang (quivered)
Armour
 b - a +0 pair of gloves (worn)
 c - a +0 buckler (worn)
 w - a +0 plate armour (worn)
 y - a +0 pair of boots (worn)
 H - +0 swamp dragon scales
 J - a +2 cloak (worn)
Jewellery
 m - an amulet of guardian spirit
 o - a ring of resist corrosion (left hand)
 B - an amulet of reflection (around neck)
 I - a ring of protection from cold (right hand)
Wands
 f - a wand of polymorph (2)
 s - a wand of mindburst (7)
 G - a wand of flame (28)
Scrolls
 e - 4 scrolls of teleportation
 g - a scroll of summoning
 x - 3 scrolls of identify
 D - a scroll of fear
 L - 2 scrolls of brand weapon
Potions
 d - 2 potions of might
 h - 7 potions of curing
 l - a potion of flight
 n - 3 potions of mutation
 u - a potion of resistance
 v - 3 potions of heal wounds
 K - 3 potions of cancellation


   Skills:
 + Level 9.2 Fighting
 + Level 13.6 Axes
 + Level 10.1 Armour
 + Level 2.1 Dodging
 + Level 0.3 Stealth
 + Level 9.4 Shields
 + Level 0.2 Unarmed Combat
 + Level 2.4 Invocations


You had 10 spell levels left.
You didn't know any spells.
Your spell library contained the following spells:

 Spells                   Type           Power      Damage    Failure   Level
 Magic Dart               Conj           0%         1d3       100%        1
 Searing Ray              Conj           0%         2d4       100%        2
 Fulminant Prism          Conj/Hex       0%         3d5       100%        4
 Leda's Liquefaction      Hex/Erth       0%         N/A       100%        4
 Manifold Assault         Tloc           0%         N/A       100%        4
 Lee's Rapid Deconstruct  Erth           0%         3d4*      100%        5
 Dispersal                Tloc           0%         N/A       100%        6
 Statue Form              Tmut/Erth      0%         N/A       100%        6
 Disjunction              Tloc           0%         N/A       100%        8


Dungeon Overview and Level Annotations

Branches:
Dungeon (9/15)             Temple (1/1) D:6            Lair (2/5) D:8
    Orc (0/2) D:9
  Swamp: Lair:2-3    Shoals: Lair:2-3     Snake: Lair:2-3    Spider: Lair:2-3

Altars:
Ashenzari
Cheibriados
Dithmenos
Elyvilon
Fedhas
Gozag
Hepliaklqana
Kikubaaqudgha
Makhleb
Nemelex Xobeh
Okawaru
Qazlal
Ru
Sif Muna
Trog
Uskayaw
Vehumet
Wu Jian
Xom
Yredelemnul
Zin
The Shining One

Shops:
D:2 !   D:5 ?   D:7 *


Innate Abilities, Weirdness & Mutations

You have a pair of horns on your head.
You reflexively headbutt those who attack you in melee.


Message History

You hack one of the seven-headed hydra's heads off!
The six-headed hydra grows two more!
You slash the eight-headed hydra! You headbutt the eight-headed hydra!
The eight-headed hydra is heavily wounded.
The eight-headed hydra bites you but does no damage.
The eight-headed hydra bites you!
You block the eight-headed hydra's attack.
The eight-headed hydra bites you but does no damage. x4
You block the eight-headed hydra's attack.
You slice one of the eight-headed hydra's heads off!
The seven-headed hydra grows two more!
You slash the nine-headed hydra!
The nine-headed hydra is heavily wounded.
You slice one of the nine-headed hydra's heads off!
The eight-headed hydra grows two more!
You hit the ten-headed hydra.
Your headbutt misses the ten-headed hydra.
The ten-headed hydra is heavily wounded.
The ten-headed hydra bites you.
The ten-headed hydra bites you but does no damage.
You block the ten-headed hydra's attack.
The ten-headed hydra bites you but does no damage.
The ten-headed hydra bites you! The ten-headed hydra bites you.
The ten-headed hydra bites you but does no damage.
You block the ten-headed hydra's attack.
The ten-headed hydra bites you but does no damage. x2
You hack one of the ten-headed hydra's heads off!
The nine-headed hydra grows two more!
You slice the 11-headed hydra!!
The 11-headed hydra is heavily wounded.
You block the 11-headed hydra's attack. The 11-headed hydra bites you!
* * * LOW HITPOINT WARNING * * *
The 11-headed hydra bites you but does no damage. x2
The 11-headed hydra bites you.
* * * LOW HITPOINT WARNING * * *
The 11-headed hydra bites you!
* * * LOW HITPOINT WARNING * * *
The 11-headed hydra bites you but does no damage. x2
The 11-headed hydra bites you!
* * * LOW HITPOINT WARNING * * *
The 11-headed hydra bites you but does no damage.
The 11-headed hydra bites you.
You die...

#. #. ### ###### #####
.######.####.#..####...#
.?....D@................
........................
..##.######.##..##P#####
# ####.##### # ### #P ##
# #


You could see a 11-headed hydra.

Vanquished Creatures
  Pikel (D:6)
  Joseph (D:8)
  Maurice (D:8)
  3 cane toads (Lair:1)
  Maggie (D:8)
  A rime drake (D:8)
  A komodo dragon (Lair:2)
  2 polar bears
  Prince Ribbit (D:6)
  5 yaks (Lair:1)
  Grum (D:8)
  3 wyverns
  An acid dragon (D:9)
  4 water moccasins
  2 orc warriors (D:8)
  5 ice beasts
  A sky beast (D:7)
  3 black bears
  An ogre (D:5)
  5 wolves (D:8)
  2 centaurs
  5 bullfrogs
  A necrophage (D:8)
  2 scorpions
  A gnoll sergeant (D:8)
  5 wights (D:7)
  3 killer bees (D:7)
  3 howler monkeys
  4 hounds
  A gnoll bouda (D:6)
  4 jellies
  6 orc priests
  13 orc wizards
  13 gnolls
  4 adders
  An ufetubus (D:4)
  4 worms
  A dart slug (D:3)
  63 orcs
  6 ball pythons
  8 endoplasms
  2 giant cockroaches
  8 goblins
  6 hobgoblins
  4 jackals (D:1)
  6 kobolds
  A quokka (D:4)
  6 bats
  4 frilled lizards
  4 rats
234 creatures vanquished.

Vanquished Creatures (others)
  5 fungi
  2 plants
7 creatures vanquished.

Grand Total: 241 creatures vanquished

Notes
Turn   | Place    | Note
-------+----------+-------------------------------------------
     0 | D:1      | funkygono the Minotaur Fighter began the quest for the Orb.
     0 | D:1      | Reached XP level 1. HP: 19/19 MP: 0/0
   652 | D:1      | Reached XP level 2. HP: 27/27 MP: 1/1
  1152 | D:2      | Reached XP level 3. HP: 34/34 MP: 2/2
  1358 | D:2      | Found Qafi's Distillery.
  1364 | D:2      | Bought a potion of heal wounds for 55 gold pieces
  1536 | D:2      | Reached skill level 3 in Axes
  1775 | D:3      | Reached XP level 4. HP: 39/41 MP: 3/3
  1821 | D:3      | Found an iron altar of Okawaru.
  1837 | D:3      | Became a worshipper of Warmaster Okawaru
  2058 | D:3      | Reached skill level 4 in Axes
  2212 | D:3      | Reached XP level 5. HP: 43/47 MP: 4/4
  2648 | D:4      | Reached skill level 5 in Fighting
  2700 | D:4      | Reached skill level 5 in Axes
  2756 | D:4      | Reached XP level 6. HP: 56/56 MP: 5/5
  2962 | D:4      | Found a broken altar of Ashenzari.
  2964 | D:4      | Found a stormy altar of Qazlal.
  2966 | D:4      | Found a glowing golden altar of the Shining One.
  2990 | D:4      | Reached skill level 1 in Dodging
  3066 | D:4      | Reached * piety under Okawaru
  3067 | D:4      | Reached skill level 6 in Axes
  3103 | D:4      | Found an ornate altar of the Wu Jian Council.
  3441 | D:5      | Entered Level 5 of the Dungeon
  3487 | D:5      | Found Optaff's Magic Scroll Boutique.
  3578 | D:5      | Reached skill level 5 in Armour
  3578 | D:5      | Reached skill level 5 in Shields
  3578 | D:5      | Reached XP level 7. HP: 61/61 MP: 6/6
  3892 | D:5      | Reached skill level 7 in Axes
  4041 | D:5      | Identified the +8 battleaxe of Defence by Offence {flame,
                  | rPois Dex+5}
  4240 | D:5      | Reached ** piety under Okawaru
  4674 | D:5      | Found a glowing silver altar of Zin.
  4964 | D:6      | Found a staircase to the Ecumenical Temple.
  5001 | D:6      | Reached XP level 8. HP: 63/70 MP: 7/7
  5020 | D:6      | Reached skill level 8 in Axes
  5033 | Temple   | Entered the Ecumenical Temple
  5134 | D:6      | Found a hazy altar of Hepliaklqana.
  5138 | D:6      | Found a basalt altar of Yredelemnul.
  5142 | D:6      | Found a hide-covered altar of Uskayaw.
  5158 | D:6      | Noticed Prince Ribbit
  5169 | D:6      | Killed Prince Ribbit
  5383 | D:6      | Noticed Pikel
  5407 | D:6      | Killed Pikel
  5408 | D:6      | Reached skill level 9 in Axes
  5911 | D:6      | Reached *** piety under Okawaru
  6118 | D:7      | Reached XP level 9. HP: 78/78 MP: 5/8
  6122 | D:7      | Reached skill level 1 in Invocations
  6165 | D:7      | Reached skill level 10 in Axes
  6478 | D:7      | Found Kotuvell's Island Escapes.
  7071 | D:8      | Noticed Grum
  7086 | D:8      | Killed Grum
  7197 | D:8      | Noticed Maggie
  7213 | D:8      | Killed Maggie
  7213 | D:8      | Reached **** piety under Okawaru
  7356 | D:8      | Noticed Joseph
  7374 | D:8      | Killed Joseph
  7375 | D:8      | Reached skill level 11 in Axes
  7384 | D:8      | Noticed a rime drake
  7400 | D:8      | Killed a rime drake
  7403 | D:8      | Reached XP level 10. HP: 9/88 MP: 6/9
  7938 | D:8      | Reached skill level 12 in Axes
  7991 | D:8      | Found a staircase to the Lair.
  8058 | D:8      | Noticed Maurice
  8094 | D:8      | Killed Maurice
  8899 | D:9      | Reached ***** piety under Okawaru
  9211 | D:9      | Found a staircase to the Orcish Mines.
  9625 | Lair:1   | Entered Level 1 of the Lair of Beasts
  9704 | Lair:1   | Reached skill level 13 in Axes
  9774 | Lair:1   | Noticed a cane toad
  9784 | Lair:1   | Killed a cane toad
  9816 | Lair:1   | Noticed a cane toad
  9825 | Lair:1   | Killed a cane toad
  9861 | Lair:1   | Noticed a cane toad
  9872 | Lair:1   | Killed a cane toad
  9873 | Lair:1   | Reached XP level 11. HP: 85/97 MP: 11/11
 10608 | Lair:2   | Reached skill level 10 in Armour
 10699 | Lair:2   | Noticed a four-headed hydra
 10711 | Lair:2   | HP: 2/97 [11-headed hydra (8)]
 10711 | Lair:2   | Slain by an 11-headed hydra

Illustrated notes

Levels and vault maps discovered:
D:1:      nicolae_arrival_somewhat_less_tricky_arrival, layout_loops_corners,
          minmay_three_crescents
D:2:      layout_loops_ring, serial_glass, glass_columns_c, glass_columns_b,
          glass_columns_a, serial_shops, shop, grunt_ministairs_4
D:3:      minmay_angry_zag, layout_loops_cross, okawaru_ov_weapons_minmay
D:4:      layout_basic, gammafunk_temple_overflow_forgotten,
          mainiacjoe_overflow_paths, nrook_mini_backslash, abandoned_shop
D:5:      layout_layer_cave, zin_statuary, serial_shops, shop
D:6:      layout_loops_cross, grunt_temple_overflow_open,
          minmay_temple_entry_slanted, uniq_prince_ribbit1, uniq_pikel
D:7:      layout_cave_pods, nicolae_island_escapes
D:8:      layout_loops_ring, hellmonk_lair_entry_icy, roderic_lattice_a,
          chequers_serial_rivers_micro_b, amcnicky_mini_rare_corridor_liquid,
          uniq_joseph, uniq_grum, uniq_maggie, uniq_maurice
D:9:      layout_small_grid, hiddenorc2_lemuel, fungi_pond_lemuel,
          kennysheep_crisscross
Temple:   nicolae_temple_ecumenical_triangle
Lair:1:   layout_gridlike, minivault_24, beast_lair_carwin_7
Lair:2:   layout_long_grid, hellmonk_spider_entry_life_and_decay,
          grunt_megastairs_3

Skill      XL: |  1  2  3  4  5  6  7  8  9 10 11 |
---------------+----------------------------------+-----
Shields        | 4 5 6 7 9 |  9.4
Armour         | 4 5 7 9 10 | 10.1
Fighting       | 4 5 6 7 9 |  9.2
Axes           | 3 4 5 6 7 9 11 13 | 13.6
Dodging        | 1 2 |  2.1
Invocations    | 1 2 |  2.4
Stealth        | |  0.3
Unarmed Combat | |  0.2

Action                     |  1- 3 |  4- 6 |  7- 9 | 10-12 || total
---------------------------+-------+-------+-------+-------++-------
  Melee: War axe           |    56 |   127 |   199 |   260 ||   642
         Headbutt          |     6 |    17 |    38 |    62 ||   123
         Unarmed           |       |       |       |    19 ||    19
 Invoke: Heroism           |       |       |     2 |     7 ||     9
  Evoke: Wand              |       |       |       |     3 ||     3
    Use: Scroll            |       |    17 |     5 |     4 ||    26
 Armour: Scale mail        |    25 |       |       |       ||    25
         Plate armour      |     4 |    76 |    89 |   145 ||   314
  Dodge: Dodged            |    19 |    19 |    49 |    54 ||   141
  Block: Buckler           |    12 |    53 |   103 |   133 ||   301
         Reflection        |       |       |     4 |     8 ||    12
         Other             |       |       |       |     1 ||     1

Table legend: (Time is in decaauts)
 A = Elapsed time spent in this place.
 B = Non-inter-level travel time spent in this place.
 C = Inter-level travel time spent in this place.
 D = Time resting spent in this place.
 E = Time spent auto-exploring this place.
 F = Levels seen in this place.
 G = Mean time per level.
                   A        B        C        D        E       F      G
               +--------+--------+--------+--------+--------+-----+--------+
         Total |  10759 |  10228 |    531 |     33 |   8326 |  12 |  896.6 |
       Dungeon |   9616 |   9102 |    514 |     33 |   7351 |   9 | 1068.4 |
        Temple |     70 |     60 |     10 |      0 |     40 |   1 |   70.0 |
          Lair |   1073 |   1067 |      6 |      0 |    935 |   2 |  536.5 |
               +--------+--------+--------+--------+--------+-----+--------+

Top non-repeatable levels by time:
     D:8: 1430 daAuts
     D:7: 1362 daAuts
     D:5: 1294 daAuts
     D:6: 1116 daAuts
     D:1: 1073 daAuts
     D:3: 931 daAuts
     D:2: 863 daAuts
     D:4: 842 daAuts
  Lair:1: 781 daAuts
     D:9: 702 daAuts
  Lair:2: 292 daAuts
  Temple: 70 daAuts
